 Dungeon Crawl Stone Soup version 0.23.2-40-g277498a001 (webtiles) character file.

Game seed: 230372051539064779

18799 Emblim88 the Grappler (level 12, -11/123 HPs)
             Began as a Troll Berserker on Oct 11, 2019.
             Was a High Priest of Trog.
             Mangled by an eight-headed hydra (17 damage)
             ... on level 1 of the Lair of Beasts.
             The game lasted 00:41:04 (10502 turns).

Emblim88 the Grappler (Troll Berserker)            Turns: 10502, Time: 00:41:06

Health: -11/123    AC:  6    Str: 39    XL:     12   Next: 30%
Magic:  11/11      EV: 22    Int:  3    God:    Trog [*****.]
Gold:   987        SH:  0    Dex: 14    Spells: 11/11 levels left

rFire    x . .     SeeInvis .     - Unarmed
rCold    + . .     Gourm    +   (no shield)
rNeg     . . .     Faith    .   r - +0 robe of Imperfection {MR- Str+7} (curse)
rPois    .         Spirit   .   (helmet restricted)
rElec    .         Reflect  .   (no cloak)
rCorr    .         Harm     .   (gloves unavailable)
MR       .....                  (boots unavailable)
Stlth    ++........             (no amulet)
HPRegen  0.70/turn              D - +2 ring of evasion
MPRegen  0.12/turn              l - ring of ice

@: agile
A: large, unfitting armour, claws 3, fast metabolism 3, gourmand, regeneration
1, shaggy fur 1, tough skin 3
a: Berserk, Trog's Hand, Brothers in Arms, Renounce Religion


You were on level 1 of the Lair of Beasts.
You worshipped Trog.
Trog was extremely pleased with you.
You were not hungry.

You visited 2 branches of the dungeon, and saw 12 of its levels.
You also visited: Bailey.

You collected 987 gold pieces.

Inventory:

Hand Weapons
 E - a +5 hunting sling of velocity
 H - a +3 hunting sling of flaming
 J - a +1 glaive of freezing
Missiles
 w - 4 needles of sleeping
 y - 39 tomahawks of returning (quivered)
Armour
 r - the cursed +0 robe of Imperfection (worn) {MR- Str+7}
   (You found it on level 5 of the Dungeon)

   It affects your strength (+7).
   It affects your resistance to hostile enchantments.
   It has a curse placed upon it.
Jewellery
 e - an uncursed ring of resist corrosion
 i - an uncursed ring of protection from fire
 l - a ring of ice (right claw)
 m - a +4 ring of intelligence
 x - an uncursed ring of flight
 D - a +2 ring of evasion (left claw)
 G - a +2 ring of intelligence
Wands
 a - a wand of iceblast (8)
 z - a wand of flame (21)
Scrolls
 c - 3 scrolls of magic mapping
 d - 2 scrolls of enchant weapon
 f - 2 scrolls of enchant armour
 k - 5 scrolls of fog
 q - 3 scrolls of random uselessness
 t - a scroll of fear {unknown}
 A - a scroll of brand weapon {unknown}
 B - a scroll of teleportation {unknown}
 C - 2 scrolls of remove curse {unknown}
 F - a scroll of silence {unknown}
Potions
 g - 3 potions of heal wounds
 h - a potion of lignification {unknown}
 j - 4 potions of flight {unknown}
 o - 2 potions of berserk rage {unknown}
 p - a potion of cancellation {unknown}
 s - 2 potions of curing
 u - a potion of brilliance {unknown}
 v - a potion of degeneration {unknown}
Comestibles
 b - 36 rations


   Skills:
 + Level 9.1 Fighting
 + Level 9.1 Dodging
 * Level 14.2 Unarmed Combat


You had 11 spell levels left.
You didn't know any spells.
Your spell library was empty.

Dungeon Overview and Level Annotations

Branches:
Dungeon (10/15)            Temple (0/1) D:5            Lair (2/6) D:10
  Swamp: Lair:2-4    Shoals: Lair:2-4     Snake: Lair:2-4    Spider: Lair:2-4
    Orc: D:9-12

Altars:
Fedhas
Hepliaklqana
Qazlal
Ru
Sif Muna
Vehumet
Xom

Shops:
D:4 *   D:6 (

Annotations:
D:6 3 runed translucent doors, H0rd4k's ghost, novice HuAr


Innate Abilities, Weirdness & Mutations

You are too large for most types of armour.
You have claws for hands.
Your metabolism is lightning-fast.
You like to eat raw meat.
Your natural rate of healing is unusually fast.
You are covered in fur. (AC +1)
You have extremely tough skin. (AC +3)


Message History

The seven-headed hydra completely misses you. x2
The seven-headed hydra bites you!
* * * LOW HITPOINT WARNING * * *
The bullfrog barely misses you.
You climb upwards.
There is a stone staircase leading down, spattered with blood here.
You rip one of the seven-headed hydra's heads off!
The six-headed hydra grows two more!
You claw the eight-headed hydra!
The eight-headed hydra is moderately wounded.
The eight-headed hydra closely misses you.
The eight-headed hydra completely misses you.
The eight-headed hydra bites you!
* * * LOW HITPOINT WARNING * * *
The eight-headed hydra completely misses you.
The eight-headed hydra barely misses you.
The eight-headed hydra completely misses you.
The eight-headed hydra bites you!
* * * LOW HITPOINT WARNING * * *
The eight-headed hydra bites you!
You die...

..####...###....#......#...# ..#
#...###..............## ..##
#...##.....>.........#
...###...#.....÷....#.....#
...........#...#...##....##
...##......###....##.....#
#.##........##....#......#
............##..D.......#########
................@...#............
...........##.#......#..####P#.##
..##P.....#.......≈........######
#..##........#...≈≈≈♣♣.♣♣♣..#
##.##...##...#..≈♣♣≈≈♣..♣♣.##
#.#....##........♣♣≈≈.♣♣...#
#.......#....#..♣♣♣≈≈≈.♣♣.##
#...............♣..≈≈≈♣♣..##
#...............♣..♣.≈≈♣♣..#


You could see an eight-headed hydra.

Vanquished Creatures
  Erolcha (D:10)
  2 orc knights (Bailey)
  A black mamba (Lair:2)
  Psyche (D:10)
  Joseph (D:7)
  3 spiny frogs (Lair:1)
  A queen bee (Lair:1)
  Prince Ribbit (D:9)
  A slime creature (Lair:1)
  2 blink frogs (Lair:2)
  Sigmund (D:5)
  2 basilisks (D:10)
  38 yaks
  3 vampire mosquitoes (Lair:1)
  A hungry ghost (D:8)
  3 water moccasins
  6 porcupines
  7 orc warriors
  3 black bears (D:10)
  2 sky beasts
  3 phantoms
  3 ice beasts
  7 ogres
  A wolf (D:10)
  A necrophage (D:7)
  A centaur (D:5)
  5 crocodiles
  A big kobold (D:10)
  7 bullfrogs
  5 scorpions
  A water moccasin skeleton (D:4)
  28 killer bees
  9 wights
  9 howler monkeys
  8 crimson imps
  6 hounds
  2 quasits
  A gnoll shaman (D:9)
  7 orc priests
  5 jellies
  3 bullfrog skeletons
  A centaur skeleton (D:4)
  2 iguanas
  9 worker ants
  7 orc wizards
  A worker ant zombie (D:9)
  10 gnolls
  15 adders
  4 shadow imps
  17 oozes (Lair:1)
  An adder skeleton (D:3)
  2 worms
  7 dart slugs
  7 leopard geckos
  33 orcs
  A ball python (D:5)
  4 giant cockroaches
  7 hobgoblins
  8 jackals
  21 kobolds
  5 quokkas
  10 bats
  6 frilled lizards
  12 goblins
  A leopard gecko zombie (D:7)
  A quokka skeleton (D:5)
  A quokka zombie (D:9)
  8 rats
  3 fungi (Lair:1)
397 creatures vanquished.

Vanquished Creatures (others)
  A bush (D:10)
  2 fungi (Lair:1)
  A plant (D:10)
4 creatures vanquished.

Grand Total: 401 creatures vanquished

Notes
Turn   | Place    | Note
-------+----------+-------------------------------------------
     0 | D:1      | Emblim88 the Troll Berserker began the quest for the Orb.
     0 | D:1      | Reached XP level 1. HP: 22/22 MP: 0/0
   128 | D:1      | Reached XP level 2. HP: 29/29 MP: 1/1
   259 | D:1      | Reached ** piety under Trog
   396 | D:1      | Reached XP level 3. HP: 36/36 MP: 2/2
   959 | D:2      | Reached skill level 4 in Unarmed Combat
   994 | D:2      | Reached XP level 4. HP: 41/44 MP: 3/3
  1563 | D:3      | Reached XP level 5. HP: 48/53 MP: 4/4
  1570 | D:3      | Found a deep blue altar of Sif Muna.
  1620 | D:3      | Found a hazy altar of Hepliaklqana.
  1622 | D:3      | Found a blossoming altar of Fedhas.
  1640 | D:3      | Found a sacrificial altar of Ru.
  1728 | D:3      | Found a stormy altar of Qazlal.
  1752 | D:3      | Reached *** piety under Trog
  1995 | D:3      | Reached skill level 5 in Unarmed Combat
  2227 | D:3      | Found a stormy altar of Qazlal.
  2228 | D:3      | Found a radiant altar of Vehumet.
  2271 | D:4      | Noticed a phantom
  2289 | D:4      | Killed a phantom
  2289 | D:4      | Reached XP level 6. HP: 55/61 MP: 5/5
  2329 | D:4      | Found Mokkinake's Assorted Antiques.
  2398 | D:4      | Reached skill level 6 in Unarmed Combat
  2402 | D:4      | Reached XP level 7. HP: 47/68 MP: 6/6
  3255 | D:5      | Entered Level 5 of the Dungeon
  3310 | D:5      | Noticed Sigmund
  3322 | D:5      | Killed Sigmund
  3322 | D:5      | Reached skill level 7 in Unarmed Combat
  3322 | D:5      | Reached XP level 8. HP: 79/79 MP: 7/7
  3374 | D:5      | Reached **** piety under Trog
  3407 | D:5      | Found a staircase to the Ecumenical Temple.
  3526 | D:5      | Got a faintly glowing robe
  3537 | D:5      | Identified the cursed +0 robe of Imperfection {MR- Str+7}
                  | (You found it on level 5 of the Dungeon)
  3818 | D:6      | Reached skill level 5 in Dodging
  3818 | D:6      | Reached skill level 8 in Unarmed Combat
  3823 | D:6      | Reached skill level 5 in Fighting
  3954 | D:6      | Found Jetuxkic's Antique Weapon Shoppe.
  4080 | D:6      | Found a runed translucent gate.
  4080 | D:6      | Found a runed translucent gate.
  4081 | D:6      | Found a runed translucent gate.
  4081 | D:6      | Noticed H0rd4k's ghost (novice HuAr)
  4255 | D:6      | Reached XP level 9. HP: 79/88 MP: 8/8
  4322 | D:6      | Reached skill level 9 in Unarmed Combat
  4759 | D:7      | Noticed Joseph
  4770 | D:7      | Killed Joseph
  4953 | D:7      | Reached skill level 10 in Unarmed Combat
  5093 | D:7      | Found a shimmering altar of Xom.
  5784 | D:8      | Found a flagged portal.
  5829 | D:8      | Reached ***** piety under Trog
  5900 | D:8      | Received a gift from Trog
  5943 | D:8      | Reached XP level 10. HP: 79/100 MP: 9/9
  6061 | Bailey   | Entered a bailey
  6067 | Bailey   | Noticed an orc knight
  6184 | Bailey   | Noticed an orc knight
  6190 | Bailey   | Killed an orc knight
  6190 | Bailey   | Reached skill level 11 in Unarmed Combat
  6218 | Bailey   | Killed an orc knight
  7218 | D:9      | Noticed Prince Ribbit
  7229 | D:9      | Killed Prince Ribbit
  7824 | D:9      | Reached skill level 12 in Unarmed Combat
  7833 | D:9      | Received a gift from Trog
  7837 | D:9      | Reached XP level 11. HP: 85/109 MP: 10/10
  8187 | D:10     | Entered Level 10 of the Dungeon
  8251 | D:10     | Found a staircase to the Lair.
  8289 | D:10     | Noticed Erolcha
  8368 | D:10     | Killed Erolcha
  8524 | D:10     | Noticed Psyche
  8541 | D:10     | Killed Psyche
  9096 | Lair:1   | Entered Level 1 of the Lair of Beasts
  9167 | Lair:1   | Reached skill level 13 in Unarmed Combat
  9298 | Lair:1   | You fall through a shaft!
  9336 | Lair:1   | Received a gift from Trog
  9567 | Lair:1   | Reached XP level 12. HP: 122/122 MP: 11/11
  9770 | Lair:1   | Reached skill level 14 in Unarmed Combat
 10125 | Lair:1   | Received a gift from Trog
 10203 | Lair:2   | Noticed a seven-headed hydra
 10502 | Lair:1   | HP: 6/123 [eight-headed hydra (16)]
 10502 | Lair:1   | Mangled by an eight-headed hydra

Skill      XL: |  1  2  3  4  5  6  7  8  9 10 11 12 |
---------------+-------------------------------------+-----
Unarmed Combat | 4 5 6 7 8 10 12 13 14 | 14.2
Dodging        | 3 4 5 6 7 8 9 |  9.1
Fighting       | 3 4 5 6 7 8 9 |  9.1

Action                   |  1- 3 |  4- 6 |  7- 9 | 10-12 || total
-------------------------+-------+-------+-------+-------++-------
Melee: Unarmed           |    89 |   158 |   305 |   429 ||   981
       Punch             |       |     1 |    11 |    30 ||    42
Throw: Tomahawk          |       |       |       |     8 ||     8
Invok: Berserk           |       |     2 |     4 |     8 ||    14
       Trog's Hand       |       |       |       |     3 ||     3
 Abil: Evoke Flight      |       |       |       |     1 ||     1
Evoke: Wand              |       |       |       |     9 ||     9
  Use: Scroll            |       |       |     7 |     2 ||     9
       Potion            |       |       |     3 |     1 ||     4
 Stab: Sleeping          |     1 |       |     1 |       ||     2
       Confused          |       |       |       |     5 ||     5
  Eat: Chunk             |    12 |    11 |    41 |    50 ||   114
       Ration            |       |       |     1 |       ||     1
Armor: Animal skin       |    39 |    74 |    24 |       ||   137
       Robe              |       |       |    36 |   115 ||   151
Dodge: Dodged            |    40 |    92 |   162 |   300 ||   594
